 Dungeon Crawl Stone Soup version 0.17-a0-1719-g1afd5a1 (webtiles) character file.

116 KambridgeKobold the Magician (level 4, -5/30 HPs)
             Began as a Demonspawn Wizard on Aug 27, 2015.
             Killed from afar by Natasha (7 damage)
             ... with a magic dart
             ... on level 3 of the Dungeon.
             The game lasted 00:16:02 (3214 turns).

KambridgeKobold the Magician (Demonspawn Wizard)    Turns: 3214, Time: 00:16:03

Health: -5/30      AC:  0    Str:  8      XL:     4   Next: 69%
Magic:  3/10       EV: 12    Int: 17 (20) God:
Gold:   136        SH:  0    Dex: 11      Spells: 4 memorised, 4 levels left

rFire  . . .     SeeInvis .     k - +0 dagger
rCold  . . .     Clarity  .     (no armour)
rNeg   . . .     SustAt   .     (no shield)
rPois  .         Gourm    .     b - +0 hat
rElec  .         Spirit   .     (no cloak)
rCorr  .         Warding  .     (no gloves)
rMut   .         Stasis   .     (no boots)
MR     .....                    (no amulet)
Stlth  ++........               (no ring)
                                (no ring)

@: very slightly contaminated, not resistant to hostile enchantments, unstealthy
A: talons 1, powered by death 1
a: no special abilities


You were on level 3 of the Dungeon.
You were hungry.

You visited 1 branch of the dungeon, and saw 3 of its levels.

You collected 136 gold pieces.

Inventory:

Hand weapons
 h - a +0 hunting sling
 k - a +0 dagger (weapon)
 y - a cursed -3 short sword
Missiles
 i - 115 stones (quivered)
Armour
 a - a +0 robe
 b - a +0 hat (worn)
 l - a +0 leather armour
Jewellery
 u - an uncursed amulet of rage {unknown}
Magical devices
 s - a wand of enslavement (14)
Scrolls
 e - a scroll of identify {unknown}
 f - a scroll of enchant weapon {unknown}
 g - 2 scrolls of remove curse
 j - a scroll of enchant armour {unknown}
 m - a scroll of fog {unknown}
 w - a scroll of fear {unknown}
Potions
 n - a potion of lignification {unknown}
 p - a potion of degeneration
 q - a potion of might {unknown}
 t - a potion of agility {unknown}
 x - a potion of invisibility {unknown}
Books
 c - a book of Minor Magic

   Spells                             Type                      Level
   a - Magic Dart                     Conjuration                  1
   b - Blink                          Translocation                2
   c - Call Imp                       Summoning                    2
   d - Repel Missiles                 Charms/Air                   2
   e - Slow                           Hexes                        2
   f - Conjure Flame                  Conjuration/Fire             3
   g - Mephitic Cloud                 Conjuration/Poison/Air       3
 r - a book of the Tempests

   Spells                             Type                      Level
   a - Static Discharge               Conjuration/Air              3
   b - Lightning Bolt                 Conjuration/Air              5
   c - Fireball                       Conjuration/Fire             5
   d - Tornado                        Air                          9
   e - Shatter                        Earth                        9
Comestibles
 d - a bread ration
 o - 3 fruits
 v - a meat ration
 z - a chunk of flesh


   Skills:
 - Level 1.7 Dodging
 - Level 1.7 Stealth
 + Level 4.2 Spellcasting
 - Level 3.0 Conjurations
 + Level 0.8 Charms
 - Level 1.0 Summonings
 - Level 0.8 Translocations


You had 4 spell levels left.
You knew the following spells:

 Your Spells              Type           Power        Failure   Level  Hunger
a - Magic Dart            Conj           ##..         4%          1    None
b - Blink                 Tloc           N/A          21%         2    ##.....
c - Call Imp              Summ           #.......     17%         2    ##.....
d - Repel Missiles        Chrm/Air       #.....       24%         2    ##.....


Dungeon Overview and Level Annotations

Branches:
Dungeon (3/15)

Altars:

Annotations:
D:3 Natasha


Innate Abilities, Weirdness & Mutations

You have sharp toenails.
You regenerate a little health from kills.


Message History

You hear a shout! x2
Your crimson imp blinks!
Natasha misses you.
You hit Natasha but do no damage.
Your crimson imp closely misses Natasha.
Natasha claws you!
* * * LOW HITPOINT WARNING * * *
Your crimson imp blinks!
Your crimson imp hits Natasha.
Natasha claws you.
* * * LOW HITPOINT WARNING * * *
Drink which item? (? for menu, Esc to quit)
It was a potion of degeneration.
There was something very wrong with that liquid.
You feel dopey.
Natasha stares at thin air and mumbles some strange words.
A cloud of flames roars to life!
Your crimson imp barely misses Natasha.
Natasha stares at you and mumbles some strange words.
The magic dart hits you!
You die...

#.# ##..## #.# ..g. #.#
#..# ## #.# #..# ..#
#.#####..# #.#
#........####
#.#.#..........ยง#
#.#.#.######.##.# #
#.#..........@..#.#
#.###.######.#h.#.####
#..........#.#5........
#<###.###.##.#5.#######
#.# #.# #.#..# #.# #.#
#.#..# #.#
#.####.#.#..# ...
.........%..# #.#
#.####.#.#.##


You could see Natasha, a hobgoblin and 2 friendly crimson imps.

Vanquished Creatures
  4 adders (D:2)
  2 oozes (D:2)
  2 giant geckos (D:1)
  3 ball pythons
  4 bats
  2 giant cockroaches (D:1)
  8 goblins
  7 hobgoblins
  A giant newt (D:2)
  4 kobolds
  A quokka zombie (D:2)
  16 rats
54 creatures vanquished.

Vanquished Creatures (collateral kills)
  Robin (D:2)
  An adder (D:2)
  2 worms (D:2)
  2 hobgoblins (D:2)
  5 goblins (D:2)
11 creatures vanquished.

Grand Total: 65 creatures vanquished

Notes
Turn   | Place    | Note
--------------------------------------------------------------
     0 | D:1      | KambridgeKobold the Demonspawn Wizard began the quest for the Orb.
     0 | D:1      | Reached XP level 1. HP: 13/13 MP: 4/4
   151 | D:1      | Gained mutation: You have sharp toenails. [demonic ancestry]
   151 | D:1      | Reached XP level 2. HP: 17/19 MP: 0/6
   155 | D:1      | Learned a level 2 spell: Blink
   557 | D:1      | Learned a level 2 spell: Call Imp
   876 | D:1      | Reached XP level 3. HP: 7/24 MP: 0/7
  1549 | D:2      | Noticed Robin
  2456 | D:2      | Learned a level 2 spell: Repel Missiles
  2503 | D:2      | Gained mutation: You regenerate a little health from kills. [demonic ancestry]
  2503 | D:2      | Reached XP level 4. HP: 22/30 MP: 3/9
  2674 | D:2      | Reached skill level 4 in Spellcasting
  2889 | D:2      | Killed Robin
  3196 | D:3      | Noticed Natasha
  3214 | D:3      | Killed from afar by Natasha

Vault maps used:
D:1:      erik_arrival_orb_chamber
D:2:      lemuel_upstairs_altar, kennysheep_potato, uniq_robin
D:3:      lightli_sewer_entry_pipes, uniq_natasha

Action                   |  1- 3 |  4- 6 || total
-------------------------+-------+-------++-------
Melee: Unarmed           |     3 |       ||     3
       Dagger            |    29 |     6 ||    35
 Cast: Magic Dart        |    80 |    39 ||   119
       Blink             |     2 |       ||     2
       Call Imp          |    10 |     8 ||    18
  Use: Scroll            |       |     1 ||     1
       Potion            |       |     1 ||     1
  Eat: Chunk             |     4 |     3 ||     7
